 Seeded DCSS version 0.27-a0-1046-g98bf315 (webtiles) character file.

Game seed: 7323716169079990189 (custom seed)

37 edsrzf the Grave Robber (level 3, -7/18 HPs)
             Began as a Vine Stalker Necromancer on Apr 18, 2021.
             Mangled by Sigmund
             ... wielding a +0 scythe
              (13 damage)
             ... on level 2 of the Dungeon.
             The game lasted 00:04:30 (2080 turns).

edsrzf the Grave Robber (Vine Stalker Necromancer)  Turns: 2080, Time: 00:04:30

Health: -7/18      AC:  2    Str: 10    XL:     3   Next: 39%
Magic:  0/7        EV: 12    Int: 16    God:
Gold:   47         SH:  0    Dex: 14    Spells: 5/6 levels left

rFire    . . .     SeeInvis .   (no weapon)
rCold    . . .     Faith    .   (no shield)
rNeg     . . .     Spirit   +   a - +0 robe
rPois    .         Reflect  .   (no helmet)
rElec    .         Harm     .   (no cloak)
rCorr    .         Rampage  .   (no gloves)
Will     .....                  (no boots)
Stlth    ++........             (no amulet)
HPRegen  0.06/turn              (no ring)
MPRegen  0.10/turn              (no ring)

@: no status effects
A: fangs 2, magic shield, antimagic bite, no potion heal 2
a: no special abilities


You were on level 2 of the Dungeon.
You visited 1 branch of the dungeon, and saw 2 of its levels.

You collected 47 gold pieces.

Inventory:

Missiles
 b - 14 poisoned darts
Armour
 a - a +0 robe (worn)
Scrolls
 c - a scroll of holy word {unknown}
 d - 2 scrolls of immolation {unknown}
 f - a scroll of teleportation {unknown}
 i - a scroll of torment {unknown}
 j - a scroll of enchant weapon {unknown}
Potions
 e - a potion of brilliance {unknown}
 g - a potion of heal wounds {unknown}
 h - a potion of invisibility {unknown}


   Skills:
 + Level 1.5 Fighting
 - Level 1.5 Dodging
 - Level 2.4 Stealth
 - Level 2.1 Spellcasting
 + Level 4.6 Necromancy


You had 5 spell levels left.
You knew the following spells:

 Your Spells              Type           Power      Damage    Failure   Level
X - Pain                  Necr           64%        1d7       3%          1

Your spell library contained the following spells:

 Spells                   Type           Power      Damage    Failure   Level
 Animate Skeleton         Necr           32%        N/A       3%          1
 Vampiric Draining        Necr           8%         2d7       9%          3
 Animate Dead             Necr           8%         N/A       30%         4
 Agony                    Necr           16%        N/A       63%         5


Dungeon Overview and Level Annotations

Branches:
Dungeon (2/15)

Altars:

Annotations:
D:2 Sigmund


Innate Abilities, Weirdness & Mutations

You have extremely sharp teeth.
When hurt, damage is shared between your health and your magic reserves.
Your bite disrupts and absorbs the magic of your enemies.
Potions cannot restore your health.


Message History

Found 20 stones.
You see here 20 stones.
An endoplasm comes into view.
The endoplasm quivers.
Casting: Pain (safe; 3% risk of failure)
Confirm with . or Enter, or press ? or * to list all spells.
The endoplasm writhes in agony.
Casting: Pain (safe; 3% risk of failure)
Confirm with . or Enter, or press ? or * to list all spells.
The endoplasm writhes in agony.
Casting: Pain (safe; 3% risk of failure)
Confirm with . or Enter, or press ? or * to list all spells.
The endoplasm writhes in agony.
Casting: Pain (safe; 3% risk of failure)
Confirm with . or Enter, or press ? or * to list all spells.
The endoplasm writhes in agony.
You kill the endoplasm!
You start resting.
Magic restored.
HP restored.
You open the door.
Found a stone staircase leading up.
There is an open door here.
A scorpion comes into view.
There is an open door here.
You close the door.
A kobold comes into view. It is wielding a +0 club.
Casting: Pain (safe; 3% risk of failure)
Confirm with . or Enter, or press ? or * to list all spells.
The kobold writhes in agony.
You kill the kobold!
HP restored.
Magic restored.
Things that are here:
a +0 club; 3 stones; a kobold corpse A kobold comes into view.
It is wielding a +0 dagger.
The kobold shouts!
Casting: Pain (safe; 3% risk of failure)
Confirm with . or Enter, or press ? or * to list all spells.
The kobold writhes in agony.
You kill the kobold!
You see here a +0 dagger.
Found a stone staircase leading down.
An endoplasm comes into view.
Casting: Pain (safe; 3% risk of failure)
Confirm with . or Enter, or press ? or * to list all spells.
The endoplasm quivers.
The endoplasm writhes in agony.
Casting: Pain (safe; 3% risk of failure)
Confirm with . or Enter, or press ? or * to list all spells.
The endoplasm writhes in agony.
Casting: Pain (safe; 3% risk of failure)
Confirm with . or Enter, or press ? or * to list all spells.
The endoplasm writhes in agony.
You kill the endoplasm!
You start resting.
Magic restored.
HP restored.
There is a stone staircase leading down here.
Sigmund the Dreaded comes into view.
He is wielding a +0 scythe.
Sigmund shouts!
Sigmund casts a spell at himself.
Sigmund flickers and vanishes!
Deactivating autopickup; reactivate with Ctrl-A.
Casting: Pain (safe; 3% risk of failure)
Confirm with . or Enter, or press ? or * to list all spells.
Aiming: Pain (safe; 3% risk of failure)
Press: ? - help, Shift-Dir - straight line, f - you Something writhes in agony.
Casting: Pain (safe; 3% risk of failure)
Confirm with . or Enter, or press ? or * to list all spells.
Aiming: Pain (safe; 3% risk of failure)
Press: ? - help, Shift-Dir - straight line, f - you Something writhes in agony.
Casting: Pain (safe; 3% risk of failure)
Confirm with . or Enter, or press ? or * to list all spells.
Aiming: Pain (safe; 3% risk of failure)
Press: ? - help, Shift-Dir - straight line, f - you Something writhes in agony.
Casting: Pain (safe; 3% risk of failure)
Confirm with . or Enter, or press ? or * to list all spells.
Aiming: Pain (safe; 3% risk of failure)
Press: ? - help, Shift-Dir - straight line, f - you Something writhes in agony.
Casting: Pain (safe; 3% risk of failure)
Confirm with . or Enter, or press ? or * to list all spells.
Aiming: Pain (safe; 3% risk of failure)
Press: ? - help, Shift-Dir - straight line, f - you Something writhes in agony!
Something hits you!
Casting: Pain (safe; 3% risk of failure)
Confirm with . or Enter, or press ? or * to list all spells.
Aiming: Pain (safe; 3% risk of failure)
Press: ? - help, Shift-Dir - straight line, f - you Something writhes in agony.
You hear some strange, mumbled words.
Something tries to affect you, but you resist.
Okay, then.
Something hits you!
Ouch! That really hurt!
You die...

.##.......#
#.#
.######.###
#># .######.#
#.# ....)...#
#.# #########
#.# #.#
####.#
#####....#
......#@.#
####....## #
##....#.##.##
#...........
##...#######
##.## #.# #.#
#'#


There were no monsters in sight!

Vanquished Creatures
  A dart slug (D:1)
  2 bats (D:1)
  7 endoplasms
  A giant cockroach (D:1)
  2 goblins
  5 hobgoblins (D:1)
  2 kobolds (D:2)
  3 quokkas
  2 ball pythons (D:1)
  A frilled lizard (D:1)
  2 rats
28 creatures vanquished.

Notes
Turn   | Place    | Note
-------+----------+-------------------------------------------
     0 | D:1      | edsrzf the Vine Stalker Necromancer began the quest for the
                  | Orb.
     0 | D:1      | Reached XP level 1. HP: 9/9 MP: 4/4
   634 | D:1      | Reached XP level 2. HP: 9/14 MP: 1/6
   866 | D:1      | Reached skill level 1 in Fighting
  1305 | D:1      | Reached XP level 3. HP: 15/18 MP: 4/7
  1936 | D:2      | Noticed a scorpion
  2070 | D:2      | Noticed Sigmund
  2080 | D:2      | Mangled by Sigmund

Illustrated notes

Levels and vault maps discovered:
D:1:      shiori_arrival_oz, layout_loops_ring, hex_tiny
D:2:      layout_loops_corners, uniq_sigmund

Skill      XL: |  1  2 |
---------------+-------+-----
Fighting       | 1 |  1.5
Dodging        | |  1.5
Stealth        | |  2.4
Spellcasting   | |  2.1
Necromancy     | |  4.6

Action                   || total
-------------------------++-------
 Cast: Pain              ||    63
Dodge: Dodged            ||     3

Table legend: (Time is in decaauts)
 A = Elapsed time spent in this place.
 B = Non-inter-level travel time spent in this place.
 C = Inter-level travel time spent in this place.
 D = Time resting spent in this place.
 E = Time spent auto-exploring this place.
 F = Levels seen in this place.
 G = Mean time per level.
                   A        B        C        D        E       F      G
               +--------+--------+--------+--------+--------+-----+--------+
         Total |   2079 |   2070 |      9 |    825 |    853 |   2 | 1039.5 |
       Dungeon |   2079 |   2070 |      9 |    825 |    853 |   2 | 1039.5 |
               +--------+--------+--------+--------+--------+-----+--------+

Top non-repeatable levels by time:
     D:1: 1617 daAuts
     D:2: 462 daAuts
